 Dungeon Crawl Stone Soup version 0.30-a0-777-ga9a30cbeda (webtiles) character file.

Game seed: 11323656272884592600

5 Esekla the Sneak (level 1, 7/16 HPs)
             Began as an Octopode Delver on Feb 15, 2023.
             Quit the game on level 5 of the Dungeon.
             The game lasted 00:01:14 (78 turns).

Esekla the Sneak (Octopode Delver)                    Turns: 78, Time: 00:01:15

Health: 7/16       AC:  1    Str: 11    XL:     1   Next: 80%
Magic:  1/1        EV: 13    Int: 12    God:
Gold:   30         SH:  0    Dex: 13    Spells: 0/0 levels left

rFire   . . .      SeeInvis .    a - +0 falchion
rCold   . . .      Faith    .    (no shield)
rNeg    . . .      Spirit   .    (helmet restricted)
rPois   .          Reflect  .    (no amulet)
rElec   .          Harm     .    (no ring)
rCorr   .          Rampage  .    (no ring)
Will    .....                    (no ring)
Stlth   ++++                     (no ring)
HPRegen 0.22/turn                (no ring)
MPRegen 0.07/turn                (no ring)
                                 (no ring)
                                 (no ring)

@: no status effects
A: almost no armour, amphibious, 8 rings, camouflage 1, gelatinous body 1,
(nimble swimmer 1), tentacles
a: no special abilities


You were on level 5 of the Dungeon.
You visited 1 branch of the dungeon, and saw 1 of its levels.

You collected 30 gold pieces.

Inventory:

Hand Weapons
 a - a +0 falchion (weapon)
Wands
 f - a wand of digging (10)
 g - a wand of charming (8)
Scrolls
 b - a scroll of fog
 d - a scroll of fear
Potions
 e - a potion of haste


   Skills:
 * Level 3.0 Fighting
 * Level 2.0 Long Blades
 * Level 2.0 Dodging
 + Level 6.8 Stealth
 * Level 0.2 Spellcasting


You couldn't memorise any spells.
You didn't know any spells.
Your spell library was empty.

Dungeon Overview and Level Annotations

Branches:
Dungeon (5/15)
 Temple: D:4-7

Altars:
Yredelemnul
The Shining One

Shops:
D:5 (

Annotations:
D:5 Ijyb


Innate Abilities, Weirdness & Mutations

You cannot wear most types of armour.
You are amphibious.
You can wear up to eight rings at the same time.
Your skin changes colour to match your surroundings (Stealth+).
Your rubbery body absorbs attacks. (AC +1, EV +1)
((You are camouflaged when in or above water. (Stealth+)))
You have tentacles for arms and can constrict up to eight enemies at once.


Message History

Found 13 gold pieces.
You now have 17 gold pieces.
f - a wand of digging (10) (gained 7 charges)
g - a wand of charming (8)
An adder comes into view.
You see here 13 gold pieces.
You now have 30 gold pieces (gained 13).
There is a stone staircase leading up here.
As you read the scroll of magic mapping, it crumbles to dust.
You feel aware of your surroundings.
You sensed 2 altars, and 1 shop/portal.
There is a stone staircase leading down here.
Ijyb the Twisted Goblin comes into view.
She is wielding a +0 club and carrying a wand of charming (1).
An iguana comes into view.
An ufetubus comes into view.
Found 5 stones.
Found a stone staircase leading up.
Found Zocvigyimp's Antique Weapon Shop.
A hound comes into view.
Found a trident.
The helpless ufetubus fails to defend itself.
You hit the ufetubus. Your grab misses the ufetubus.
The ufetubus is heavily wounded.
The ufetubus barely misses you. x3; The ufetubus hits you.
You miss the ufetubus. Your grab misses the ufetubus.
The ufetubus is heavily wounded.
The ufetubus hits you. The ufetubus completely misses you.
The ufetubus closely misses you. x2
You miss the ufetubus. Your grab misses the ufetubus.
The ufetubus is heavily wounded.
The ufetubus hits you.
* * * LOW HITPOINT WARNING * * *
The ufetubus barely misses you.
You hit the ufetubus. You grab the ufetubus. You squeeze the ufetubus.
You kill the ufetubus!
You open the door.
Found a glowing golden altar of the Shining One.
Found a spear.
You open the door.
Found a basalt altar of Yredelemnul.
There is an open door here.
Are you sure you want to abandon this character and quit the game? (Confirm with "yes".)

*.........#*#...........
*,).##...####......#....
**,,,,###...##.#..##.....
*,,**,*##................
*****,,#..##.............
**##.############....
**########...#**##*****#....
**#○.○.○.#...#.§.§.,***#....
*,#._....'.@.'...._.*,*#....
**#○.○.○.#...#.§.§.§***#####
**########...#######***#....
****##.##***** ***#.###
*,,,,...,,,,,* #....#
*,,,,....,,,,* #....#
*,,,......,,,* #....#
*,,,)......,,* #.g..#*
*,,,,,,,,,,,,* #.....*


There were no monsters in sight!

Vanquished Creatures
  An ufetubus (D:5)
1 creature vanquished.

Notes
Turn   | Place    | Note
-------+----------+-------------------------------------------
     0 | D:5      | Esekla the Octopode Delver began the quest for the Orb.
     0 | D:5      | Reached XP level 1. HP: 16/16 MP: 1/1
    37 | D:5      | Noticed Ijyb
    47 | D:5      | Noticed an iguana
    58 | D:5      | Found Zocvigyimp's Antique Weapon Shop.
    59 | D:5      | Noticed a hound
    71 | D:5      | Found a glowing golden altar of the Shining One.
    74 | D:5      | Found a basalt altar of Yredelemnul.
    78 | D:5      | Quit the game

Illustrated notes

Levels and vault maps discovered:
D:5:      layout_rooms, grunt_temple_overflow_holy_war, serial_rivers,
          chequers_serial_rivers_micro_e, chequers_serial_rivers_room_a,
          chequers_serial_rivers_small_3, chequers_serial_rivers_room_b,
          chequers_serial_rivers_micro_c, chequers_serial_rivers_room_b,
          serial_shops, shop, nicolae_half_adder, uniq_ijyb, uniq_edmund,
          uniq_blork_the_orc

Action                     || total
---------------------------++-------
  Melee: Falchion          ||     4
         Constrict         ||     1
         Tentacles         ||     1
    Use: Scroll            ||     1
   Stab: Sleeping          ||     1
  Dodge: Dodged            ||     7

Table legend: (Time is in decaauts)
 A = Elapsed time spent in this place.
 B = Non-inter-level travel time spent in this place.
 C = Inter-level travel time spent in this place.
 D = Time resting spent in this place.
 E = Time spent auto-exploring this place.
 F = Levels seen in this place.
 G = Mean time per level.
                   A        B        C        D        E       F      G
               +--------+--------+--------+--------+--------+-----+--------+
         Total |     78 |     78 |      0 |      0 |      0 |   1 |   78.0 |
       Dungeon |     78 |     78 |      0 |      0 |      0 |   1 |   78.0 |
               +--------+--------+--------+--------+--------+-----+--------+

Top non-repeatable levels by time:
     D:5: 78 daAuts
